 Dungeon Crawl Stone Soup version 0.16.1-30-g34a7ffa (webtiles) character file.

248 Jb9000 the Shield-Bearer (level 5, 0/41 HPs)
             Began as a Vampire Fighter on June 18, 2015.
             Succumbed to a worker ant's poison
             ... while paralysed by Grinder
             ... on level 3 of the Dungeon.
             The game lasted 00:13:30 (2201 turns).

Jb9000 the Shield-Bearer (Vampire Fighter)          Turns: 2201, Time: 00:13:30

Health: 0/41       AC:  6    Str: 20    XL:     5   Next: 86%
Magic:  5/5        EV:  2    Int: 10    God:
Gold:   96         SH:  0    Dex: 14    Spells: 0 memorised, 4 levels left

rFire  . . .     SeeInvis +     l - +2 spear (venom)
rCold  . . .     Clarity  .     b - +0 scale mail
rNeg   + . .     SustAb   .     c - +2 shield
rPois  .         Gourm    .     (no helmet)
rElec  .         Spirit   .     (no cloak)
rCorr  .         Warding  .     (no gloves)
rMut   .         Stasis   .     (no boots)
MR     .....                    (no amulet)
Stlth  +.........               p - +5 ring of strength
                                (no ring)

@: paralysed, lethally poisoned (0 -> -8), not resistant to hostile
enchantments, very unstealthy
A: bottle blood, fangs 3, see invisible, unbreathing
a: Bat Form


You were on level 3 of the Dungeon.
You were not thirsty.

You visited 1 branch of the dungeon, and saw 3 of its levels.

You collected 96 gold pieces.

Inventory:

Hand weapons
 l - a +2 spear of venom (weapon)
 o - a +0 hunting sling
 t - a +0 falchion
Missiles
 h - 15 poisoned arrows
 m - 15 poisoned needles
 n - 45 arrows
Armour
 b - a +0 scale mail (worn)
 c - a +2 shield (worn)
 g - a cursed +0 leather armour
 k - a +0 ring mail
 s - a +0 leather armour
Jewellery
 i - a cursed ring of sustain abilities
 p - a +5 ring of strength (right hand)
Scrolls
 j - 3 scrolls of identify
 q - a scroll of fear
Potions
 a - 23 potions of blood
 f - a potion of brilliance


   Skills:
 + Level 3.4 Fighting
 + Level 1.0 Polearms
 + Level 3.4 Armour
 + Level 1.8 Dodging
 + Level 1.4 Stealth
 + Level 3.9 Shields
 + Level 2.7 Unarmed Combat


You had 4 spell levels left.
You didn't know any spells.

Dungeon Overview and Level Annotations

Branches:
Dungeon (3/15)

Altars:

Annotations:
D:3 Grinder; Scuka's ghost, average GrFi


Innate Abilities, Weirdness & Mutations

You can bottle blood from corpses.
You have razor-sharp teeth.
You have supernaturally acute eyesight.
You can survive without breathing.


Message History

You hit the worker ant but do no damage.
The worker ant is poisoned.
You block the worker ant's attack. Grinder gestures at you.
You suddenly lose the ability to move!
The worker ant bites you.
Grinder gestures.
Grinder blinks!
The centaur completely misses you. The worker ant barely misses you.
The centaur hits you! The worker ant bites you.
* * * LOW HITPOINT WARNING * * *
You are poisoned.
The worker ant poisons you!
You feel sick.
The centaur hits you but does no damage.
The worker ant bites you.
* * * LOW HITPOINT WARNING * * *
You are lethally poisoned!
The worker ant poisons you! The centaur hits you.
* * * LOW HITPOINT WARNING * * *
You die...

#.#.####. #..... .. #...# #.
#######...####.#
#.÷............#### #
##.#######.####....###.#####
...# #.# #.#...#......
#..#######.#####.c...........
#.............>†@a5..g.......
##.#######.#.#####...###.#...
#.# #.#.# #........# #÷#
#.).#####..####.... #.##
######.##.##..# #..#
#......#...#..# ###.#
#.####........# ....#
####.##..#####.#.# #####
#.##.....Sc...#


You could see Grinder, a centaur, a worker ant and a hobgoblin.

Vanquished Creatures
  Sigmund (D:3)
  A giant frog (D:3)
  Jessica (D:2)
  4 adders
  An ooze (D:2)
  A giant cockroach (D:1)
  6 hobgoblins
  5 jackals
  6 kobolds
  2 quokkas
  9 bats
  5 giant newts
  5 goblins
  16 rats
63 creatures vanquished.

Notes
Turn   | Place    | Note
--------------------------------------------------------------
     0 | D:1      | Jb9000, the Vampire Fighter, began the quest for the Orb.
     0 | D:1      | Reached XP level 1. HP: 17/17 MP: 1/1
   230 | D:1      | Reached XP level 2. HP: 21/23 MP: 2/2
   268 | D:1      | Reached skill level 3 in Shields
   810 | D:2      | Reached XP level 3. HP: 28/28 MP: 3/3
  1114 | D:2      | Noticed Jessica
  1127 | D:2      | Killed Jessica
  1127 | D:2      | Reached XP level 4. HP: 28/35 MP: 4/4
  1617 | D:3      | Noticed Scuka's ghost (average GrFi)
  1975 | D:3      | Reached skill level 1 in Dodging
  1982 | D:3      | Noticed a giant frog
  1993 | D:3      | Killed a giant frog
  1993 | D:3      | Reached skill level 1 in Stealth
  1993 | D:3      | Reached XP level 5. HP: 21/41 MP: 5/5
  2159 | D:3      | Noticed Sigmund
  2163 | D:3      | Noticed a centaur
  2178 | D:3      | Killed Sigmund
  2178 | D:3      | Reached skill level 1 in Polearms
  2191 | D:3      | Noticed Grinder
  2197 | D:3      | Paralysed by Grinder for 6 turns
  2200 | D:3      | HP: 1/41 [centaur (4)]
  2201 | D:3      | Succumbed to a worker ant's poison

Action                   |  1- 3 |  4- 6 || total
-------------------------+-------+-------++-------
Melee: Unarmed           |   107 |       ||   107
       Spear             |    54 |    74 ||   128
  Use: Potion            |     3 |     4 ||     7
       Scroll            |     6 |     2 ||     8
